 Dungeon Crawl Stone Soup version 0.20.1-1-g8b1a95d (webtiles) character file.

3350 polve the Carver (level 9, 0/94 HPs)
             Began as a Demonspawn Abyssal Knight on July 6, 2017.
             Was an Elder of Lugonu.
             Succumbed to a gnoll's poison
             ... on level 10 of the Dungeon.
             The game lasted 00:21:34 (10934 turns).

polve the Carver (Demonspawn Abyssal Knight)       Turns: 10934, Time: 00:21:34

Health: 0/94       AC: 24    Str: 14      XL:     9   Next: 72%
Magic:  10/10      EV:  2    Int: 13      God:    Lugonu [****..]
Gold:   493        SH:  0    Dex: 16 (18) Spells: 8/8 levels left

rFire    . . .     SeeInvis .   y - +7 trident of the Harvest {freeze, rN+ Dex+3}
rCold    . . .     Gourm    +   (no shield)
rNeg     + + +     Faith    .   (armour currently unavailable)
rPois    +         Spirit   .   (helmet currently unavailable)
rElec    .         Reflect  .   (cloak currently unavailable)
rCorr    .         Harm     .   (gloves currently unavailable)
MR       .....     NoTele   +   (boots currently unavailable)
Stlth    +.........             n - amulet of the gourmand
Regen    0.3/turn               (no ring)
MPRegen  0.2/turn               (no ring)

@: lethally poisoned (0 -> -16), tree-form
A: sense surroundings 1, flame cloud immunity
a: Depart the Abyss, Bend Space, Banish, Corrupt, Renounce Religion


You were on level 10 of the Dungeon.
You worshipped Lugonu.
Lugonu was greatly pleased with you.
You were completely stuffed.
You were a tree.
You visited 1 branch of the dungeon, and saw 10 of its levels.
You visited the Abyss 1 time.

You collected 493 gold pieces.

Inventory:

Hand Weapons
 a - a +1 falchion
 b - a +0 dagger of venom
 y - the +7 trident of the Harvest (weapon) {freeze, rN+ Dex+3}
   (You found it on level 7 of the Dungeon)

   It has been specially enchanted to freeze those struck by it, causing extra
   injury to most foes and up to half again as much damage against particularly
   susceptible opponents.
   It can also slow down cold-blooded creatures.
   It affects your dexterity (+3).
   It protects you from negative energy.
Armour
 i - a +2 ring mail of fire resistance (melded)
 j - a +0 cloak (melded)
 B - a +2 hat (melded)
Jewellery
 n - an amulet of the gourmand (around neck)
 z - a +3 ring of dexterity {unknown}
Wands
 o - a wand of polymorph (13/24)
 p - a wand of lightning (6/15)
Scrolls
 d - 8 scrolls of identify {unknown}
 e - 2 scrolls of fog {unknown}
 f - 2 scrolls of enchant weapon {unknown}
 g - 3 scrolls of remove curse {unknown}
 k - 2 scrolls of enchant armour {unknown}
 l - a scroll of magic mapping {unknown}
 m - 7 scrolls of teleportation {unknown}
 q - a scroll of noise {unknown}
 r - 2 scrolls of random uselessness {unknown}
 v - a scroll of immolation {unknown}
Potions
 t - a potion of berserk rage {unknown}
 x - a potion of might
 D - a potion of mutation
Books
 F - a book of Transfigurations

   Spells                             Type                      Level
   a - Irradiate                      Conjuration/Transmutation    5
   b - Statue Form                    Transmutation/Earth          6
   c - Hydra Form                     Transmutation                6
   d - Dragon Form                    Transmutation                7
Comestibles
 c - 4 bread rations
 h - 4 fruits
 u - 4 meat rations
 w - 2 royal jellies


   Skills:
 - Level 3.0 Fighting
 + Level 12.5 Long Blades
 - Level 1.7 Armour
 - Level 0.8 Dodging
 - Level 2.4 Invocations


You had 8 spell levels left.
You didn't know any spells.

Dungeon Overview and Level Annotations

Branches:
Dungeon (11/15)            Temple (0/1) D:7
   Lair: D:8-11         Orc: D:9-12

Altars:
Ashenzari
Cheibriados
Elyvilon
Kikubaaqudgha
Nemelex Xobeh
Qazlal
Sif Muna
Trog
Uskayaw
Xom

Annotations:
D:4 polve's ghost, novice DsGl


Innate Abilities, Weirdness & Mutations

((You have sharp toenails.))
((Your flesh is heat resistant. (rF+)))
You are immune to clouds of flame.
((When seriously injured, your bleeding wounds create armour. (AC +0)))
You passively map a small area around you.
((You are covered in fur. (AC +1)))


Message History

* * * LOW HITPOINT WARNING * * *
You feel sick. The gnoll completely misses you.
The gnoll hits you but does no damage. x4
You closely miss the gnoll.
The gnoll is heavily wounded.
* * * LOW HITPOINT WARNING * * *
You feel sick. The gnoll hits you but does no damage.
You are more poisoned.
The gnoll hits you but does no damage. x2; The gnoll hits you with a whip.
* * * LOW HITPOINT WARNING * * *
The gnoll barely misses you.
You barely miss the gnoll.
The gnoll is heavily wounded.
* * * LOW HITPOINT WARNING * * *
You feel sick.
The gnoll hits you but does no damage. x3
The gnoll completely misses you.
The gnoll hits you but does no damage. x2
You puncture the gnoll! You freeze the gnoll.
You kill the gnoll!
Lugonu accepts your kill.
You die...

, * , , , , ,,,, *, , * ,, , ,
... ###'## , ,, .#.#
.....###############+######...
............................#
*
........).......(...........#
...............g............+
,
............$..g♣...........#,
*
..............g)†...........#
##+###################.....##
.....................#.....# *
.........(...........#.....#,
...........(........('.....#
.....................#.....#,,
##..##.####...########.....#+
*
##..#############[.######....,


You could see 3 gnolls.

Vanquished Creatures
  Prince Ribbit (D:6)
  Grinder (D:6)
  2 steam dragons
  A hungry ghost (D:6)
  Menkaure (D:4)
  Duvessa (D:4)
  2 orc warriors
  An ice beast (D:5)
  2 phantoms
  2 ogres (D:6)
  2 centaurs (D:6)
  A big kobold (D:6)
  3 bullfrogs
  A gnoll sergeant (D:10)
  Dowan (D:4)
  2 scorpions
  A howler monkey (D:7)
  3 crimson imps
  A quasit (D:10)
  2 orc priests
  A bullfrog skeleton (D:7)
  4 centaur skeletons
  Crazy Yiuf (D:2)
  2 hounds
  Ijyb (D:4)
  3 orc wizards
  5 iguanas
  4 worker ants
  A howler monkey zombie (D:6)
  A worker ant zombie (D:5)
  2 gnolls (D:10)
  13 adders
  A shadow imp (D:5)
  4 oozes
  An adder skeleton (D:5)
  2 worms
  A dart slug (D:2)
  2 leopard geckos
  17 orcs
  A ball python (D:4)
  9 giant cockroaches
  9 hobgoblins
  3 jackals (D:1)
  9 kobolds
  4 quokkas
  8 bats
  7 frilled lizards
  12 goblins
  A quokka skeleton (D:6)
  A quokka zombie (D:6)
  11 rats
172 creatures vanquished.

Vanquished Creatures (others)
  5 dream sheep (D:4)
  A starcursed mass (Abyss:1)
  3 fungi (D:5)
9 creatures vanquished.

Grand Total: 181 creatures vanquished

Notes
Turn   | Place    | Note
-------+----------+-------------------------------------------
     0 | Abyss:1  | polve the Demonspawn Abyssal Knight began the quest for the Orb.
     0 | Abyss:1  | Reached XP level 1. HP: 18/18 MP: 2/2
   119 | Abyss:1  | Noticed an ice dragon zombie
   134 | Abyss:1  | Noticed a flayed ghost
   145 | Abyss:1  | Noticed an insubstantial wisp
   150 | Abyss:1  | Noticed a starcursed mass
   154 | Abyss:1  | Killed a starcursed mass
   155 | D:1      | Escaped the Abyss
   359 | D:1      | Reached skill level 2 in Long Blades
   713 | D:1      | Gained mutation: When seriously injured, your bleeding wounds create armour. (AC +0) [demonic ancestry]
   713 | D:1      | Reached XP level 2. HP: 24/24 MP: 3/3
   729 | D:1      | Reached * piety under Lugonu
  1278 | D:1      | Reached skill level 3 in Long Blades
  1385 | D:1      | Reached XP level 3. HP: 29/29 MP: 4/4
  1911 | D:2      | Found a runed door.
  1945 | D:2      | Reached ** piety under Lugonu
  2086 | D:2      | Reached XP level 4. HP: 11/35 MP: 5/5
  2086 | D:2      | Reached skill level 4 in Long Blades
  2332 | D:2      | Found an ancient bone altar of Kikubaaqudgha.
  2636 | D:2      | Found a shattered altar of Ashenzari.
  2930 | D:2      | Noticed Crazy Yiuf
  2935 | D:2      | Killed Crazy Yiuf
  3050 | D:3      | Gained mutation: Your flesh is heat resistant. (rF+) [demonic ancestry]
  3050 | D:3      | Reached XP level 5. HP: 41/41 MP: 6/6
  3199 | D:3      | Found a sparkling altar of Nemelex Xobeh.
  3299 | D:3      | Found a deep blue altar of Sif Muna.
  3437 | D:4      | Noticed Menkaure
  3438 | D:4      | Noticed Duvessa
  3443 | D:4      | Noticed Dowan
  3449 | D:3      | Reached skill level 5 in Long Blades
  3740 | D:4      | HP: 2/41 [scorpion (4)]
  4025 | D:4      | Noticed Ijyb
  4033 | D:4      | Paralysed by Ijyb for 6 turns
  4041 | D:4      | Noticed polve's ghost (novice DsGl)
  4044 | D:4      | Paralysed by Ijyb for 5 turns
  4055 | D:4      | Paralysed by Ijyb for 7 turns
  4072 | D:4      | Killed Ijyb
  4440 | D:4      | Found a bloodstained altar of Trog.
  4455 | D:4      | Gained mutation: You have sharp toenails. [demonic ancestry]
  4455 | D:4      | Reached XP level 6. HP: 24/47 MP: 7/7
  4501 | D:5      | Entered Level 5 of the Dungeon
  4723 | D:4      | Reached skill level 6 in Long Blades
  4882 | D:4      | Killed Menkaure
  4893 | D:4      | Reached *** piety under Lugonu
  5183 | D:4      | Gained mutation: You are covered in fur. (AC +1) [potion of mutation]
  5183 | D:4      | Gained mutation: You passively map a small area around you. [potion of mutation]
  5326 | D:5      | Reached skill level 7 in Long Blades
  5326 | D:5      | Reached XP level 7. HP: 37/52 MP: 8/8
  5507 | D:5      | Found a hide-covered altar of Uskayaw.
  5512 | D:5      | Noticed a hand axe
  5512 | D:5      | Noticed a dagger
  5560 | D:5      | Found a white marble altar of Elyvilon.
  6392 | D:4      | Reached skill level 8 in Long Blades
  6522 | D:4      | Killed Duvessa
  6540 | D:4      | Killed Dowan
  6851 | D:4      | Gained mutation: You are immune to clouds of flame. [demonic ancestry]
  6851 | D:4      | Reached XP level 8. HP: 45/58 MP: 9/9
  7291 | D:4      | Found a shimmering altar of Xom.
  7291 | D:4      | Noticed a dream sheep
  7291 | D:4      | Noticed a dream sheep
  7291 | D:4      | Noticed a dream sheep
  7291 | D:4      | Noticed a dream sheep
  7291 | D:4      | Noticed a dream sheep
  7296 | D:4      | Killed a dream sheep
  7296 | D:4      | Killed a dream sheep
  7296 | D:4      | Killed a dream sheep
  7299 | D:4      | Killed a dream sheep
  7299 | D:4      | Killed a dream sheep
  7780 | D:6      | Reached skill level 9 in Long Blades
  7843 | D:6      | Noticed Grinder
  7874 | D:6      | Killed Grinder
  8195 | D:6      | Reached skill level 10 in Long Blades
  8445 | D:6      | Noticed Prince Ribbit
  8493 | D:6      | Killed Prince Ribbit
  8493 | D:6      | Reached XP level 9. HP: 36/63 MP: 10/10
  8684 | D:6      | Reached skill level 11 in Long Blades
  9107 | D:7      | Found a stormy altar of Qazlal.
  9165 | D:7      | Reached **** piety under Lugonu
  9202 | D:7      | Got an encrusted trident
  9203 | D:7      | Identified the +7 trident of the Harvest {freeze, rN+ Dex+3} (You found it on level 7 of the Dungeon)
  9690 | D:7      | Reached skill level 12 in Long Blades
  9931 | D:7      | Found a snail-covered altar of Cheibriados.
  9990 | D:7      | Found a staircase to the Ecumenical Temple.
 10145 | D:8      | You fall through a shaft for 3 floors!
 10421 | D:10     | Entered Level 10 of the Dungeon
 10932 | D:10     | HP: 4/94 [poisoned by a gnoll]
 10934 | D:10     | Succumbed to a gnoll's poison

Skill      XL: |  1  2  3  4  5  6  7  8  9 |
---------------+----------------------------+-----
Long Blades    | 2 3 4 5 7 8 10 12 | 12.5
Fighting       | |  3.0
Armour         | |  1.7
Dodging        | |  0.8
Invocations    | |  2.4

Action                   |  1- 3 |  4- 6 |  7- 9 || total
-------------------------+-------+-------+-------++-------
Melee: Falchion          |   104 |   190 |   347 ||   641
       Dagger            |    22 |       |     3 ||    25
       Kick              |       |    18 |   134 ||   152
       Unarmed           |       |       |    37 ||    37
       Trident           |       |       |   117 ||   117
Invok: Depart the Abyss  |     1 |       |       ||     1
  Use: Potion            |       |     7 |     9 ||    16
  Eat: Chunk             |    13 |     9 |    34 ||    56
       Royal jelly       |       |       |     1 ||     1
Armor: Leather armour    |    50 |    55 |       ||   105
       Ring mail         |       |    14 |   248 ||   262
       Skin              |       |       |    47 ||    47
Dodge: Dodged            |    91 |   109 |   226 ||   426
       Rpst.: Falchion   |    25 |    43 |    31 ||    99
